AoeStats
← 恆浪蕩

Arena

507516366Analyzed
4v4 RM · 13d ago on Sep 18, 2026· 44m 21s· 8 players
Game mode
Random Map
Map size
Large (8 player)
Population
200
Speed
Normal
Resources
Standard
Victory
Conquest
Starting age
Dark Age
Ending age
Imperial Age
RankedLock teamsTeams togetherTeam positionsShared explorationLock speedFull tech treeHidden civsTurbo modeCheats
Victory
Defeat
🇹🇷 Maya · Türkiye
1806
+9
🇸🇰 Cumans · Slovakia
1742
+12
🇨🇿 Italians · Czechia
1715
+13
🇹🇷 Persians · Türkiye
1663
+15
1709
-15
🇦🇷 Khmer · Argentina
1660
-13
🇹🇼 Lithuanians · Taiwan
1639
-12
🇳🇱 Hindustanis · Netherlands
1567
-9
FeelMySpike
0:32 Loom
10:10 Feudal Age
15:01 Castle Age
12:44 Horse Collar
13:07 Double-Bit Axe
14:56 Gold Mining
16:09 Bow Saw
16:01 Heavy Plow
20:55 Wheelbarrow
21:19 Town Watch
26:28 Imperial Age
23:50 Stone Mining
24:17 Fletching
24:32 Padded Archer Armor
24:41 Crossbowman
26:05 Bodkin Arrow
26:54 Ballistics
27:55 Bracer
29:42 Arbalester
32:09 Thumb Ring
34:03 Conscription
37:50 Hand Cart
38:11 Elite Plumed Archer
43:20 Leather Archer Armor
43:41 Holcans
43:13 Scale Mail Armor
43:23 Forging
43:22 Eagle Warrior
44:03 Squires
43:48 Arson
kivarmicz
8:52 Feudal Age
9:29 Double-Bit Axe
9:38 Horse Collar
13:55 Wheelbarrow
18:48 Castle Age
16:53 Gold Mining
18:32 Scale Barding Armor
19:07 Forging
18:42 Loom
19:51 Chain Barding Armor
19:44 Bloodlines
20:27 Hand Cart
23:56 Capped Ram
30:52 Imperial Age
29:43 Iron Casting
30:57 Cavalier
32:23 Plate Barding Armor
34:14 Gold Shaft Mining
35:50 Blast Furnace
36:54 Bow Saw
37:09 Paladin
38:09 Caravan
38:59 Loom
39:21 Fletching
42:11 Heavy Plow
43:01 Conscription
Rank
11:14 Feudal Age
11:55 Double-Bit Axe
15:02 Castle Age
13:06 Horse Collar
16:16 Bow Saw
16:31 Heavy Plow
17:11 Wheelbarrow
18:17 Stone Mining
18:58 Gold Mining
21:59 Loom
26:27 Imperial Age
23:50 Fletching
25:16 Ballistics
25:17 Bodkin Arrow
25:24 Padded Archer Armor
28:16 Chemistry
27:34 Bracer
29:03 Leather Archer Armor
32:42 Thumb Ring
33:41 Elite Genoese Crossbowman
36:30 Ring Archer Armor
39:37 Crop Rotation
40:10 Two-Man Saw
41:43 Conscription
Sekov
10:32 Feudal Age
14:20 Castle Age
13:04 Horse Collar
13:46 Double-Bit Axe
15:51 Bow Saw
19:40 Heavy Plow
23:42 Wheelbarrow
22:53 Loom
22:56 Town Watch
26:45 Imperial Age
24:48 Bloodlines
24:39 Husbandry
24:49 Scale Barding Armor
26:11 Forging
26:54 Chain Barding Armor
28:08 Hand Cart
27:18 Cavalier
28:37 Plate Barding Armor
29:05 Two-Man Saw
29:59 Iron Casting
31:46 Blast Furnace
31:26 Crop Rotation
31:32 Pikeman
32:13 Squires
32:44 Savar
33:48 Scale Mail Armor
35:35 Chain Mail Armor
35:44 Halberdier
38:50 Plate Mail Armor
38:17 Sappers
39:08 Conscription
40:44 Chemistry
39:36 Fletching
41:54 Bodkin Arrow
42:21 Ballistics
43:51 Padded Archer Armor
44:04 Citadels
43:55 Kamandaran
44:22 Gambesons
MLT | El Campeador di Melito
0:32 Loom
11:19 Feudal Age
12:03 Double-Bit Axe
12:14 Horse Collar
15:00 Castle Age
16:00 Bow Saw
20:18 Wheelbarrow
26:32 Imperial Age
24:28 Scale Mail Armor
25:19 Hand Cart
25:17 Forging
24:30 Pikeman
25:19 Squires
25:37 Gold Mining
25:37 Stone Mining
26:05 Chain Mail Armor
26:03 Heavy Plow
26:42 Iron Casting
26:49 Halberdier
28:34 Plate Mail Armor
30:06 Blast Furnace
30:25 Heavy Rocket Cart
35:47 Coinage
36:35 Chemistry
35:49 Town Watch
37:56 Fortified Wall
38:35 Masonry
Mandrake
11:08 Feudal Age
12:11 Double-Bit Axe
12:08 Horse Collar
14:51 Castle Age
15:50 Bow Saw
17:48 Wheelbarrow
17:50 Gold Mining
18:30 Town Watch
19:28 Stone Mining
21:41 Loom
26:15 Imperial Age
26:32 Fortified Wall
27:01 Fletching
28:57 Chemistry
28:14 Masonry
39:38 Bodkin Arrow
39:14 Elite Skirmisher
41:32 Bracer
默默默默默
10:55 Feudal Age
13:38 Castle Age
11:42 Horse Collar
11:48 Double-Bit Axe
14:33 Heavy Plow
14:48 Bow Saw
14:49 Heavy Plow
16:26 Loom
16:34 Loom
19:32 Town Watch
22:16 Wheelbarrow
23:51 Hand Cart
27:44 Imperial Age
25:54 Stone Mining
26:16 Gold Mining
29:03 Gold Shaft Mining
29:04 Stone Shaft Mining
29:04 Siege Engineers
29:20 Ballistics
30:21 Fletching
31:10 Masonry
31:36 Bodkin Arrow
32:50 Chemistry
31:51 Padded Archer Armor
33:35 Architecture
33:41 Bracer
34:04 Conscription
35:55 Crop Rotation
35:51 Fortified Wall
36:35 Double Crossbow
36:10 Capped Ram
37:00 Capped Ram
38:23 Conscription
38:09 Siege Ram
39:03 Scale Mail Armor
39:14 Forging
39:22 Heavy Scorpion
恆浪蕩
10:17 Feudal Age
11:45 Double-Bit Axe
14:26 Castle Age
12:14 Horse Collar
16:15 Bow Saw
18:45 Wheelbarrow
21:45 Heavy Plow
22:30 Hand Cart
22:54 Gold Mining
28:30 Imperial Age
26:53 Bloodlines
26:43 Husbandry
26:41 Stone Mining
27:36 Scale Barding Armor
27:41 Forging
28:11 Stone Shaft Mining
27:33 Loom
28:04 Treadmill Crane
28:42 Elite Leitis
29:32 Cavalier
30:40 Chain Barding Armor
30:56 Iron Casting
31:22 Conscription
32:09 Plate Barding Armor
33:02 Chemistry
32:21 Light Cavalry
34:30 Fletching
35:03 Ballistics
35:28 Bodkin Arrow
35:45 Masonry
37:47 Pikeman
38:28 Squires
38:29 Scale Mail Armor
38:40 Halberdier
41:38 Hoardings
42:45 Winged Hussar
44:02 Architecture
Connection lost

Rejoining the realm…

Still unreachable

The connection could not be restored.

Session expired

The server has moved on; the page needs a fresh start.